AoeStats
← Sir_Brouzi

Arena

507990610Analyzed
4v4 RM · 10d ago on Sep 20, 2026· 38m 19s· 8 players
Game mode
Random Map
Map size
Large (8 player)
Population
200
Speed
Normal
Resources
Standard
Victory
Conquest
Starting age
Dark Age
Ending age
Imperial Age
RankedLock teamsTeams togetherTeam positionsShared explorationLock speedFull tech treeHidden civsTurbo modeCheats
Victory
Defeat
🇯🇵 Malay · Japan
1131
+16
🇫🇷 Persians · France
1127
+16
🇦🇺 Wei · Australia
1117
+16
🇹🇼 Sicilians · Taiwan
1082
+18
🇦🇷 Burgundians · Argentina
1192
-19
🇪🇸 Celts · Spain
1115
-16
🇨🇭 Spanish · Switzerland
1101
-16
🇪🇸 Byzantines · Spain
1085
-15
Sir_Brouzi
11:57 Feudal Age
13:02 Horse Collar
16:58 Castle Age
15:08 Double-Bit Axe
17:59 Bow Saw
17:46 Loom
18:34 Heavy Plow
22:31 Gold Mining
24:57 Scale Barding Armor
25:03 Forging
26:27 Wheelbarrow
27:51 Hand Cart
30:19 Husbandry
30:29 Bloodlines
33:08 Imperial Age
30:48 Stone Mining
31:34 Gold Shaft Mining
33:01 Stone Shaft Mining
32:41 Crossbowman
33:29 Thumb Ring
33:47 Chain Barding Armor
33:20 Fletching
33:25 Cavalier
34:47 Conscription
34:32 Padded Archer Armor
35:13 Kamandaran
36:56 Chemistry
36:16 Ballistics
37:37 Plate Barding Armor
37:03 Scale Mail Armor
37:41 Iron Casting
37:03 Bodkin Arrow
37:23 Leather Archer Armor
37:41 Light Cavalry
39:12 Leather Archer Armor
uvacha
11:26 Feudal Age
11:30 Loom
15:32 Castle Age
13:23 Double-Bit Axe
13:42 Horse Collar
15:48 Bow Saw
16:53 Heavy Plow
20:09 Wheelbarrow
22:15 Hand Cart
22:00 Stone Mining
23:51 Gold Mining
26:38 Gold Shaft Mining
30:06 Imperial Age
28:09 Forging
28:24 Husbandry
29:48 Iron Casting
29:19 Scale Barding Armor
29:05 Fletching
29:15 Padded Archer Armor
30:22 Crop Rotation
30:15 Conscription
29:34 Elite Skirmisher
29:38 Elite Battle Elephant
30:37 Pikeman
31:36 Devotion
32:49 Blast Furnace
32:14 Squires
32:58 Ballistics
32:58 Masonry
32:40 Halberdier
33:28 Bodkin Arrow
33:52 Leather Archer Armor
33:37 Arson
38:47 Ring Archer Armor
38:17 Bracer
iw5420
9:41 Feudal Age
10:10 Town Watch
10:17 Double-Bit Axe
10:15 Horse Collar
20:09 Castle Age
18:23 Stone Mining
21:49 Wheelbarrow
22:09 Gold Mining
24:18 Bow Saw
29:18 Stone Shaft Mining
29:23 Hand Cart
34:50 Imperial Age
33:56 Scale Mail Armor
34:07 Forging
34:39 Loom
34:56 Town Patrol
34:53 Fletching
36:28 Bodkin Arrow
37:42 First Crusade
38:05 Iron Casting
37:46 Chain Mail Armor
MegaPanda
1:52 Loom
10:38 Feudal Age
11:10 Horse Collar
11:17 Double-Bit Axe
18:46 Castle Age
17:26 Gold Mining
19:47 Heavy Plow
19:57 Bow Saw
20:23 Gold Shaft Mining
23:14 Wheelbarrow
23:07 Ballistics
22:41 Fletching
27:06 Imperial Age
25:08 Bodkin Arrow
27:50 Imperial Age
31:37 Imperial Age
29:27 Bloodlines
29:17 Husbandry
32:19 Ballistics
33:28 Ballistics
34:54 Bracer
35:33 Padded Archer Armor
36:58 Husbandry
37:46 Leather Archer Armor
PILLOSAURIO
10:39 Feudal Age
14:30 Castle Age
12:48 Double-Bit Axe
15:32 Bow Saw
19:37 Fervor
22:18 Loom
24:15 Wheelbarrow
23:58 Horse Collar
25:19 Hand Cart
25:30 Stone Mining
25:31 Gold Mining
29:17 Imperial Age
28:15 Husbandry
28:22 Scale Barding Armor
29:15 Stone Shaft Mining
29:16 Gold Shaft Mining
28:44 Murder Holes
31:22 Two-Man Saw
30:46 Ballistics
31:27 Chemistry
29:49 Heavy Camel Rider
31:47 Chain Barding Armor
31:38 Forging
31:43 Pikeman
32:24 Squires
32:56 Scale Mail Armor
32:33 Halberdier
33:49 Heavy Plow
34:19 Chain Mail Armor
34:40 Plate Barding Armor
34:40 Iron Casting
36:32 Conscription
37:12 Arson
37:58 Plate Mail Armor
Nicolass
11:32 Feudal Age
15:55 Castle Age
18:35 Scale Mail Armor
19:32 Forging
20:57 Man-at-Arms
22:54 Iron Casting
21:52 Long Swordsman
23:36 Double-Bit Axe
31:13 Gold Mining
34:04 Gold Shaft Mining
36:47 Imperial Age
37:14 Heavy Scorpion
Luslec
10:10 Feudal Age
13:17 Loom
13:36 Fletching
18:20 Castle Age
16:34 Double-Bit Axe
18:22 Horse Collar
19:00 Gold Mining
19:25 Bow Saw
19:17 Heavy Plow
21:22 Inquisition
22:49 Padded Archer Armor
26:49 Wheelbarrow
27:10 Leather Archer Armor
27:58 Sanctity
28:55 Hand Cart
28:53 Town Watch
32:46 Redemption
33:23 Bloodlines
33:14 Husbandry
33:41 Fervor
33:31 Atonement
38:04 Imperial Age
Vagatela
1:25 Loom
12:06 Feudal Age
12:18 Wheelbarrow
12:37 Horse Collar
12:48 Double-Bit Axe
12:58 Gold Mining
12:59 Stone Mining
20:12 Castle Age
19:35 Bow Saw
19:32 Heavy Plow
20:15 Gold Shaft Mining
21:01 Stone Shaft Mining
21:43 Crop Rotation
22:33 Two-Man Saw
23:52 Hand Cart
25:43 Fortified Wall
25:23 Treadmill Crane
29:35 Imperial Age
27:41 Masonry
28:33 Husbandry
28:40 Scale Barding Armor
28:46 Forging
31:35 Burgundian Vineyards
33:08 Chain Barding Armor
32:59 Forging
34:33 Elite Coustillier
35:32 Light Cavalry
37:23 Hussar
Connection lost

Rejoining the realm…

Still unreachable

The connection could not be restored.

Session expired

The server has moved on; the page needs a fresh start.